[ PARTIDA AOE2 · #488205630 ]
UnrankedGeorgianos vs Huns
[ ANÁLISIS DE REPETICIÓN · EXTRAÍDO DE LA PARTIDA GRABADA ]
Feudal
11:07
Castillos
14:39
Imperial
33:15
| APM promedio | 25.6 |
| APM pico | 83 |
| eAPM promedio | 13.5 |
| Aldeanos / militares | 159 / 177 |
Foco
⚔️ 33.0% · 🌾 67.0%
Monaspa ×122 · Scout Cavalry ×35 · Knight ×19 · Monk ×1
Feudal
11:06
Castillos
15:01
Imperial
28:53
| APM promedio | 22.1 |
| APM pico | 66 |
| eAPM promedio | 15.1 |
| Aldeanos / militares | 127 / 272 |
Foco
⚔️ 34.1% · 🌾 65.9%
Spearman ×258 · Battering Ram ×8 · Militia ×4 · Mangonel ×2
Feudal
11:14
Castillos
15:41
Imperial
28:18
| APM promedio | 30.9 |
| APM pico | 63 |
| eAPM promedio | 18.0 |
| Aldeanos / militares | 117 / 97 |
Foco
⚔️ 25.7% · 🌾 74.3%
Knight ×53 · Hand Cannoneer ×41 · Trebuchet (Packed) ×2 · Scout Cavalry ×1
Feudal
11:51
Castillos
15:34
Imperial
—
| APM promedio | 33.4 |
| APM pico | 68 |
| eAPM promedio | 18.1 |
| Aldeanos / militares | 77 / 119 |
Foco
⚔️ 19.9% · 🌾 80.1%
Camel Scout ×50 · Skirmisher ×26 · Archer ×22 · Mameluke ×16 · Spearman ×3 · Petard ×2
Feudal
9:32
Castillos
21:21
Imperial
36:33
| APM promedio | 31.7 |
| APM pico | 57 |
| eAPM promedio | 16.2 |
| Aldeanos / militares | 122 / 115 |
Foco
⚔️ 34.1% · 🌾 65.9%
Knight ×44 · Militia ×41 · Battering Ram ×17 · Camel Scout ×13
Feudal
13:35
Castillos
17:06
Imperial
21:26
| APM promedio | 24.8 |
| APM pico | 49 |
| eAPM promedio | 14.4 |
| Aldeanos / militares | 79 / 61 |
Foco
⚔️ 32.3% · 🌾 67.7%
Spearman ×34 · Monk ×18 · Trebuchet (Packed) ×9
Feudal
11:45
Castillos
16:57
Imperial
—
| APM promedio | 37.4 |
| APM pico | 97 |
| eAPM promedio | 16.3 |
| Aldeanos / militares | 68 / 57 |
Foco
⚔️ 27.1% · 🌾 72.9%
Flemish Militia ×53 · Battering Ram ×3 · Monk ×1
Feudal
10:41
Castillos
15:26
Imperial
36:55
| APM promedio | 32.4 |
| APM pico | 78 |
| eAPM promedio | 16.0 |
| Aldeanos / militares | 135 / 70 |
Foco
⚔️ 19.5% · 🌾 80.5%
Archer ×40 · Monk ×16 · Trebuchet (Packed) ×7 · Eagle Scout ×5 · Petard ×1 · Spearman ×1
Mapa de la partida
Recursos iniciales + cada clic de construcción. Líneas = muros · curvas = relieve. ◆ oro · ⬟ piedra · ● bayas · ✦ reliquia · ◌ hueco del cierre
Tu base· ✓ Cerrada en 14:39 · 0t muro · 2 puerta(s)
Base de 別當開心農場· ✓ Cerrada en 15:01 · 0t muro · 2 puerta(s)
Base de Camagroc· ✓ Cerrada en 15:41 · 0t muro · 2 puerta(s)
Base de jellyman123· ✓ Cerrada en 15:34 · 0t muro · 2 puerta(s)
Base de jojomolo· ✓ Cerrada en 21:21 · 0t muro · 2 puerta(s)
Base de 傑諾斯VII· ✓ Cerrada en 17:06 · 0t muro · 2 puerta(s)
Base de IrRéelle· ✓ Cerrada en 16:57 · 0t muro · 2 puerta(s)
Base de Verebecske· ✓ Cerrada en 15:26 · 0t muro · 2 puerta(s)
Terreno inicial suavizado · ◌ = hueco del cierre detectado · pasá el cursor para detalles
Inputs por minuto
— [AJJRR] Minillop - - 別當開心農場
Build order — [AJJRR] Minillop
Primeras 150 de 289 acciones detectadas
| 0:01 | Crear | Villager (Male) |
| 0:01 | Crear | Villager (Male) |
| 0:01 | Crear | Villager (Male) |
| 0:03 | Construir | House |
| 0:05 | Construir | House |
| 0:34 | Crear | Villager (Male) |
| 0:34 | Crear | Villager (Male) |
| 1:10 | Crear | Villager (Male) |
| 1:10 | Crear | Villager (Male) |
| 1:40 | Crear | Villager (Male) |
| 1:40 | Crear | Villager (Male) |
| 2:23 | Crear | Villager (Male) |
| 2:24 | Crear | Villager (Male) |
| 2:29 | Crear | Villager (Male) |
| 2:30 | Crear | Villager (Male) |
| 2:47 | Construir | House |
| 3:06 | Crear | Villager (Male) |
| 3:06 | Crear | Villager (Male) |
| 3:56 | Crear | Villager (Male) |
| 3:57 | Crear | Villager (Male) |
| 4:00 | Crear | Villager (Male) |
| 4:00 | Crear | Villager (Male) |
| 4:18 | Crear | Villager (Male) |
| 4:18 | Crear | Villager (Male) |
| 4:38 | Construir | House |
| 4:52 | Construir | Mill |
| 5:16 | Crear | Villager (Male) |
| 5:16 | Crear | Villager (Male) |
| 5:42 | Crear | Villager (Male) |
| 5:42 | Crear | Villager (Male) |
| 6:39 | Crear | Villager (Male) |
| 6:40 | Crear | Villager (Male) |
| 7:02 | Crear | Villager (Male) |
| 7:02 | Crear | Villager (Male) |
| 7:25 | Crear | Villager (Male) |
| 7:25 | Crear | Villager (Male) |
| 7:33 | Crear | Villager (Male) |
| 8:08 | Crear | Villager (Male) |
| 8:19 | Investigar | Feudal Age |
| 9:33 | Crear | Villager (Male) |
| 9:34 | Crear | Villager (Male) |
| 9:46 | Construir | Mule Cart |
| 10:17 | Construir | House |
| 11:07 | Edad | Edad Feudal |
| 11:08 | Construir | Blacksmith |
| 11:13 | Construir | Market |
| 11:59 | Investigar | Castle Age |
| 12:19 | Investigar | Horse Collar |
| 12:22 | Investigar | Double-Bit Axe |
| 12:29 | Construir | Farm |
| 12:32 | Construir | Farm |
| 12:35 | Construir | Farm |
| 12:38 | Construir | Farm |
| 12:41 | Construir | Farm |
| 12:48 | Construir | Farm |
| 12:50 | Crear | Villager (Male) |
| 12:51 | Crear | Villager (Male) |
| 12:55 | Investigar | Loom |
| 12:57 | Crear | Villager (Male) |
| 14:39 | Edad | Edad de los Castillos |
| 14:52 | Construir | Town Center |
| 14:55 | Construir | Town Center |
| 15:17 | Investigar | Bow Saw |
| 15:24 | Investigar | Heavy Plow |
| 15:44 | Crear | Villager (Male) ×4 |
| 15:50 | Crear | Villager (Male) |
| 16:20 | Investigar | Wheelbarrow |
| 16:25 | Crear | Villager (Male) |
| 16:30 | Crear | Villager (Male) |
| 16:31 | Crear | Villager (Male) |
| 16:47 | Crear | Villager (Male) |
| 16:47 | Crear | Villager (Male) |
| 16:59 | Construir | Farm |
| 17:02 | Construir | Farm |
| 17:15 | Construir | Monastery |
| 17:27 | Construir | Monastery |
| 17:31 | Crear | Villager (Male) |
| 17:37 | Construir | Farm |
| 17:41 | Construir | Farm |
| 17:43 | Construir | Farm |
| 17:49 | Crear | Villager (Male) |
| 17:49 | Crear | Villager (Male) |
| 17:56 | Crear | Villager (Male) ×3 |
| 18:02 | Construir | Farm |
| 18:14 | Construir | Farm |
| 18:21 | Crear | Monk |
| 18:23 | Crear | Villager (Male) |
| 18:24 | Crear | Villager (Male) |
| 18:24 | Crear | Villager (Male) |
| 18:31 | Construir | House |
| 18:32 | Construir | House |
| 18:33 | Construir | House |
| 18:40 | Investigar | Town Watch |
| 19:00 | Construir | Farm |
| 19:00 | Construir | Farm |
| 19:00 | Construir | Farm |
| 19:01 | Construir | Farm |
| 19:05 | Crear | Villager (Male) ×3 |
| 19:05 | Crear | Villager (Male) ×3 |
| 19:10 | Construir | House |
| 19:11 | Construir | House |
| 19:13 | Construir | House |
| 19:20 | Crear | Villager (Male) |
| 19:20 | Crear | Villager (Male) |
| 19:40 | Crear | Villager (Male) ×2 |
| 20:05 | Construir | Town Center |
| 20:18 | Crear | Villager (Male) ×5 |
| 20:54 | Crear | Villager (Male) ×5 |
| 21:08 | Crear | Villager (Male) ×3 |
| 21:08 | Crear | Villager (Male) ×3 |
| 21:20 | Construir | Mill |
| 21:21 | Construir | Farm |
| 21:21 | Construir | Farm |
| 21:21 | Construir | Farm |
| 21:21 | Construir | Farm |
| 21:22 | Construir | Farm |
| 21:22 | Construir | Farm |
| 21:27 | Construir | Mill |
| 21:28 | Construir | Farm |
| 21:29 | Construir | Farm |
| 21:29 | Construir | Farm |
| 21:29 | Construir | Farm |
| 21:29 | Construir | Farm |
| 21:41 | Investigar | Stone Mining |
| 21:42 | Crear | Villager (Male) ×2 |
| 21:54 | Crear | Villager (Male) ×2 |
| 21:55 | Crear | Villager (Male) ×2 |
| 22:03 | Construir | Farm |
| 22:03 | Construir | Farm |
| 22:03 | Construir | Farm |
| 22:03 | Construir | Farm |
| 22:09 | Crear | Villager (Male) |
| 22:10 | Crear | Villager (Male) |
| 22:12 | Crear | Villager (Male) |
| 22:46 | Construir | House |
| 22:47 | Construir | House |
| 22:48 | Construir | House |
| 22:49 | Construir | House |
| 23:02 | Investigar | Hand Cart |
| 23:14 | Construir | House |
| 23:16 | Construir | House |
| 23:17 | Construir | House |
| 23:27 | Construir | Barracks |
| 23:30 | Investigar | Scale Barding Armor |
| 23:31 | Investigar | Forging |
| 23:38 | Crear | Villager (Male) ×5 |
| 23:39 | Crear | Villager (Male) |
| 24:13 | Crear | Villager (Male) ×5 |
| 24:21 | Construir | Stable |
| 24:23 | Construir | Stable |
Build order — 別當開心農場
Primeras 150 de 270 acciones detectadas
| 0:04 | Crear | Villager (Male) |
| 0:04 | Crear | Villager (Male) |
| 0:14 | Crear | Villager (Male) |
| 0:14 | Crear | Villager (Male) |
| 1:33 | Crear | Villager (Male) |
| 1:51 | Crear | Villager (Male) |
| 1:51 | Crear | Villager (Male) |
| 2:40 | Crear | Villager (Male) |
| 2:40 | Crear | Villager (Male) |
| 2:40 | Crear | Villager (Male) |
| 3:47 | Crear | Villager (Male) |
| 3:48 | Crear | Villager (Male) |
| 3:48 | Crear | Villager (Male) |
| 3:56 | Construir | Lumber Camp |
| 4:46 | Crear | Villager (Male) |
| 4:51 | Crear | Villager (Male) |
| 4:51 | Crear | Villager (Male) |
| 4:51 | Crear | Villager (Male) |
| 5:25 | Crear | Villager (Male) |
| 5:25 | Crear | Villager (Male) |
| 5:54 | Crear | Villager (Male) |
| 6:08 | Construir | Mill |
| 6:13 | Crear | Villager (Male) |
| 6:51 | Crear | Villager (Male) |
| 7:47 | Crear | Villager (Male) |
| 8:02 | Investigar | Feudal Age |
| 8:37 | Construir | Mining Camp |
| 10:10 | Crear | Villager (Male) |
| 10:11 | Crear | Villager (Male) |
| 10:55 | Construir | Farm |
| 11:04 | Construir | Farm |
| 11:06 | Edad | Edad Feudal |
| 11:12 | Construir | Market |
| 11:16 | Construir | Blacksmith |
| 11:18 | Crear | Villager (Male) |
| 12:15 | Investigar | Castle Age |
| 12:25 | Investigar | Double-Bit Axe |
| 12:27 | Investigar | Horse Collar |
| 14:01 | Crear | Villager (Male) |
| 14:23 | Crear | Villager (Male) |
| 15:01 | Edad | Edad de los Castillos |
| 15:05 | Construir | Town Center |
| 15:09 | Investigar | Bow Saw |
| 15:34 | Crear | Villager (Male) |
| 15:45 | Construir | Siege Workshop |
| 15:58 | Construir | University |
| 16:00 | Construir | Farm |
| 16:01 | Crear | Villager (Male) |
| 16:05 | Investigar | Heavy Plow |
| 16:19 | Construir | Farm |
| 16:46 | Construir | Farm |
| 17:01 | Crear | Villager (Male) |
| 17:01 | Crear | Villager (Male) |
| 17:09 | Construir | Farm |
| 17:10 | Construir | Farm |
| 17:14 | Construir | Farm |
| 17:15 | Construir | Farm |
| 17:24 | Construir | Farm |
| 17:26 | Construir | Farm |
| 17:29 | Crear | Mangonel |
| 17:33 | Construir | Farm |
| 17:37 | Crear | Villager (Male) |
| 17:37 | Crear | Villager (Male) |
| 17:37 | Crear | Villager (Male) |
| 17:51 | Construir | Farm |
| 17:52 | Construir | Farm |
| 18:05 | Construir | Farm |
| 18:07 | Construir | Farm |
| 18:10 | Crear | Villager (Male) |
| 18:11 | Crear | Villager (Male) |
| 18:15 | Construir | Farm |
| 18:40 | Crear | Villager (Male) |
| 18:40 | Crear | Villager (Male) |
| 18:43 | Construir | Farm |
| 18:47 | Construir | Farm |
| 18:53 | Crear | Villager (Male) |
| 18:53 | Crear | Villager (Male) |
| 19:06 | Crear | Villager (Male) |
| 19:10 | Construir | Farm |
| 19:18 | Crear | Mangonel |
| 19:30 | Crear | Villager (Male) |
| 19:30 | Crear | Villager (Male) |
| 20:08 | Construir | Town Center |
| 20:13 | Crear | Villager (Male) |
| 20:13 | Crear | Villager (Male) |
| 20:28 | Investigar | Wheelbarrow |
| 20:29 | Crear | Villager (Male) |
| 20:45 | Construir | Barracks |
| 20:48 | Crear | Villager (Male) |
| 20:49 | Crear | Villager (Male) |
| 21:01 | Crear | Villager (Male) |
| 21:02 | Crear | Villager (Male) |
| 21:21 | Crear | Villager (Male) |
| 21:21 | Crear | Villager (Male) |
| 21:23 | Crear | Villager (Male) |
| 21:23 | Crear | Villager (Male) |
| 21:40 | Construir | Farm |
| 21:41 | Construir | Farm |
| 21:42 | Construir | Farm |
| 21:46 | Crear | Villager (Male) |
| 21:46 | Crear | Villager (Male) |
| 21:46 | Crear | Villager (Male) |
| 21:51 | Construir | Farm |
| 21:53 | Construir | Farm |
| 21:55 | Construir | Farm |
| 22:16 | Construir | Stable |
| 22:33 | Investigar | Hand Cart |
| 22:35 | Crear | Villager (Male) |
| 22:35 | Crear | Villager (Male) |
| 22:53 | Crear | Villager (Male) |
| 22:53 | Crear | Villager (Male) |
| 22:55 | Crear | Villager (Male) |
| 23:05 | Construir | Farm |
| 23:06 | Construir | Farm |
| 23:07 | Construir | Farm |
| 23:09 | Construir | Farm |
| 23:27 | Crear | Villager (Male) |
| 23:32 | Construir | Farm |
| 23:33 | Construir | Farm |
| 23:39 | Crear | Villager (Male) |
| 23:39 | Crear | Villager (Male) |
| 24:01 | Crear | Villager (Male) |
| 24:02 | Crear | Villager (Male) |
| 24:10 | Construir | Farm |
| 24:11 | Construir | Farm |
| 24:19 | Construir | Farm |
| 24:20 | Construir | Farm |
| 24:25 | Crear | Villager (Male) |
| 24:25 | Crear | Villager (Male) |
| 24:26 | Crear | Villager (Male) |
| 24:29 | Construir | Farm |
| 24:32 | Construir | Farm |
| 24:42 | Crear | Villager (Male) |
| 24:42 | Crear | Villager (Male) |
| 24:52 | Construir | Farm |
| 24:53 | Construir | Farm |
| 24:58 | Construir | Farm |
| 24:59 | Construir | Farm |
| 25:05 | Crear | Villager (Male) |
| 25:07 | Crear | Villager (Male) |
| 25:08 | Crear | Villager (Male) |
| 25:28 | Investigar | Imperial Age |
| 25:38 | Crear | Spearman |
| 25:43 | Crear | Villager (Male) |
| 26:03 | Construir | Mining Camp |
| 26:08 | Investigar | Stone Mining |
| 26:18 | Construir | Barracks |
| 26:19 | Construir | Barracks |
| 26:21 | Construir | Barracks |
| 26:26 | Construir | Barracks |
Build order — Camagroc
Primeras 150 de 287 acciones detectadas
| 0:01 | Crear | Villager (Male) |
| 0:02 | Crear | Villager (Male) |
| 0:02 | Crear | Villager (Male) |
| 0:02 | Crear | Villager (Male) |
| 0:03 | Construir | House |
| 0:07 | Construir | House |
| 1:31 | Crear | Villager (Male) |
| 1:32 | Crear | Villager (Male) |
| 1:47 | Construir | Lumber Camp |
| 1:56 | Crear | Villager (Male) |
| 1:56 | Crear | Villager (Male) |
| 2:12 | Crear | Villager (Male) |
| 2:12 | Crear | Villager (Male) |
| 2:45 | Crear | Villager (Male) |
| 3:02 | Crear | Villager (Male) |
| 3:40 | Crear | Villager (Male) |
| 4:11 | Crear | Villager (Male) |
| 4:11 | Crear | Villager (Male) |
| 4:32 | Construir | House |
| 4:39 | Crear | Villager (Male) |
| 4:39 | Crear | Villager (Male) |
| 5:16 | Crear | Villager (Male) |
| 5:19 | Crear | Villager (Male) |
| 5:19 | Crear | Villager (Male) |
| 5:19 | Crear | Villager (Male) |
| 5:46 | Construir | House |
| 5:55 | Crear | Villager (Male) |
| 5:56 | Crear | Villager (Male) |
| 6:59 | Crear | Villager (Male) |
| 6:59 | Crear | Villager (Male) |
| 7:10 | Crear | Villager (Male) |
| 7:10 | Crear | Villager (Male) |
| 7:35 | Crear | Villager (Male) |
| 8:05 | Construir | Mill |
| 8:27 | Crear | Villager (Male) |
| 9:04 | Investigar | Feudal Age |
| 9:12 | Construir | Mining Camp |
| 10:21 | Construir | House |
| 10:50 | Crear | Villager (Male) |
| 10:51 | Crear | Villager (Male) |
| 11:14 | Edad | Edad Feudal |
| 11:20 | Construir | Market |
| 11:44 | Construir | Market |
| 11:48 | Crear | Villager (Male) |
| 11:49 | Crear | Villager (Male) |
| 11:51 | Construir | Farm |
| 11:51 | Construir | Farm |
| 11:52 | Construir | Farm |
| 11:52 | Construir | Farm |
| 11:52 | Construir | Farm |
| 11:58 | Construir | Blacksmith |
| 12:23 | Construir | Farm |
| 12:26 | Construir | Farm |
| 13:01 | Investigar | Castle Age |
| 13:26 | Investigar | Town Watch |
| 13:34 | Construir | Mining Camp |
| 13:57 | Construir | House |
| 14:01 | Crear | Villager (Male) |
| 14:01 | Crear | Villager (Male) |
| 14:07 | Investigar | Double-Bit Axe |
| 14:25 | Investigar | Horse Collar |
| 14:29 | Investigar | Town Watch |
| 14:48 | Construir | House |
| 15:36 | Crear | Villager (Male) |
| 15:36 | Crear | Villager (Male) |
| 15:41 | Edad | Edad de los Castillos |
| 15:48 | Construir | Town Center |
| 16:12 | Investigar | Loom |
| 16:15 | Crear | Villager (Male) |
| 16:15 | Crear | Villager (Male) |
| 16:49 | Crear | Villager (Male) |
| 16:49 | Crear | Villager (Male) |
| 17:01 | Construir | Town Center |
| 17:06 | Crear | Villager (Male) |
| 17:07 | Crear | Villager (Male) |
| 17:09 | Crear | Villager (Male) |
| 17:09 | Crear | Villager (Male) |
| 17:10 | Crear | Villager (Male) |
| 17:10 | Crear | Villager (Male) |
| 17:27 | Crear | Villager (Male) |
| 17:27 | Crear | Villager (Male) |
| 18:00 | Crear | Villager (Male) |
| 18:00 | Crear | Villager (Male) |
| 18:00 | Crear | Villager (Male) |
| 18:09 | Crear | Villager (Male) |
| 18:10 | Crear | Villager (Male) |
| 18:10 | Crear | Villager (Male) |
| 18:15 | Construir | Farm |
| 18:16 | Construir | Farm |
| 18:16 | Construir | Farm |
| 18:16 | Construir | Farm |
| 18:16 | Construir | Farm |
| 18:17 | Construir | Farm |
| 18:38 | Investigar | Wheelbarrow |
| 18:46 | Crear | Villager (Male) |
| 18:46 | Crear | Villager (Male) |
| 18:47 | Crear | Villager (Male) |
| 18:56 | Crear | Villager (Male) |
| 19:02 | Crear | Villager (Male) |
| 19:06 | Construir | Farm |
| 19:25 | Crear | Villager (Male) |
| 19:25 | Crear | Villager (Male) |
| 19:30 | Construir | Farm |
| 19:47 | Construir | Farm |
| 19:48 | Crear | Villager (Male) |
| 19:49 | Crear | Villager (Male) |
| 19:49 | Crear | Villager (Male) |
| 19:59 | Construir | House |
| 20:11 | Crear | Villager (Male) |
| 20:11 | Crear | Villager (Male) |
| 20:33 | Investigar | Fletching |
| 20:51 | Construir | Castle |
| 21:04 | Construir | House |
| 21:10 | Construir | House |
| 21:20 | Crear | Villager (Male) |
| 21:20 | Crear | Villager (Male) |
| 21:20 | Crear | Villager (Male) |
| 21:22 | Crear | Villager (Male) |
| 21:22 | Crear | Villager (Male) |
| 21:24 | Investigar | Padded Archer Armor |
| 21:36 | Crear | Villager (Male) |
| 21:36 | Crear | Villager (Male) |
| 21:36 | Crear | Villager (Male) |
| 21:48 | Construir | Stone Wall |
| 21:50 | Crear | Villager (Male) |
| 21:51 | Crear | Villager (Male) |
| 21:51 | Crear | Villager (Male) |
| 21:55 | Construir | House |
| 21:58 | Construir | Farm |
| 21:58 | Construir | Farm |
| 21:58 | Construir | Farm |
| 21:58 | Construir | Farm |
| 22:31 | Construir | Mining Camp |
| 23:14 | Construir | University |
| 24:00 | Construir | Barracks |
| 24:57 | Construir | Stable |
| 25:04 | Investigar | Fortified Wall (upgrade) |
| 25:08 | Investigar | Imperial Age |
| 25:24 | Crear | Knight |
| 25:33 | Construir | Mining Camp |
| 25:41 | Investigar | Scale Barding Armor |
| 26:03 | Construir | Stable |
| 26:12 | Crear | Villager (Male) |
| 26:13 | Crear | Villager (Male) |
| 26:13 | Crear | Villager (Male) |
| 26:19 | Construir | House |
| 26:25 | Construir | House |
| 26:26 | Construir | House |
| 26:28 | Crear | Villager (Male) |
| 26:28 | Crear | Villager (Male) |
Build order — jellyman123
Primeras 150 de 255 acciones detectadas
| 0:06 | Construir | House |
| 0:07 | Construir | House |
| 0:08 | Crear | Villager (Male) |
| 0:08 | Crear | Villager (Male) |
| 0:08 | Crear | Villager (Male) |
| 0:08 | Crear | Villager (Male) |
| 1:29 | Crear | Villager (Male) |
| 1:51 | Construir | Lumber Camp |
| 2:08 | Crear | Villager (Male) |
| 2:40 | Crear | Villager (Male) |
| 2:44 | Crear | Villager (Male) |
| 3:04 | Investigar | Loom |
| 3:28 | Crear | Villager (Male) |
| 3:56 | Crear | Villager (Male) |
| 4:27 | Construir | House |
| 4:28 | Construir | Mill |
| 4:37 | Construir | Mill |
| 4:39 | Crear | Villager (Male) |
| 4:42 | Crear | Villager (Male) |
| 5:15 | Crear | Villager (Male) |
| 5:16 | Crear | Villager (Male) |
| 5:54 | Crear | Villager (Male) |
| 5:54 | Crear | Villager (Male) |
| 6:38 | Crear | Villager (Male) |
| 6:38 | Crear | Villager (Male) |
| 7:19 | Construir | House |
| 7:27 | Crear | Villager (Male) |
| 8:06 | Crear | Villager (Male) |
| 8:06 | Crear | Villager (Male) |
| 9:02 | Investigar | Feudal Age |
| 9:21 | Construir | Mining Camp |
| 10:08 | Construir | Barracks |
| 10:10 | Construir | House |
| 10:10 | Construir | House |
| 10:11 | Construir | House |
| 11:51 | Edad | Edad Feudal |
| 11:56 | Construir | Market |
| 12:00 | Construir | Blacksmith |
| 12:31 | Construir | Outpost |
| 12:34 | Construir | Outpost |
| 12:54 | Investigar | Castle Age |
| 13:30 | Construir | Farm |
| 13:33 | Construir | Farm |
| 13:37 | Construir | Farm |
| 13:37 | Construir | Farm |
| 13:38 | Construir | Farm |
| 13:40 | Construir | Farm |
| 13:41 | Construir | Farm |
| 13:47 | Construir | Farm |
| 14:18 | Construir | Mining Camp |
| 14:28 | Construir | House |
| 14:29 | Construir | House |
| 14:38 | Investigar | Horse Collar |
| 14:39 | Investigar | Horse Collar |
| 14:41 | Investigar | Double-Bit Axe |
| 15:32 | Crear | Villager (Male) |
| 15:32 | Crear | Villager (Male) |
| 15:34 | Edad | Edad de los Castillos |
| 15:58 | Construir | Siege Workshop |
| 16:10 | Construir | Town Center |
| 16:19 | Crear | Villager (Male) |
| 16:21 | Crear | Villager (Male) |
| 16:59 | Crear | Villager (Male) |
| 16:59 | Crear | Villager (Male) |
| 17:01 | Crear | Villager (Male) |
| 17:16 | Crear | Villager (Male) |
| 17:20 | Crear | Villager (Male) |
| 17:32 | Crear | Spearman |
| 17:44 | Construir | Mill |
| 17:48 | Crear | Villager (Male) |
| 18:00 | Crear | Spearman |
| 18:12 | Construir | Farm |
| 18:12 | Construir | Farm |
| 18:15 | Construir | Farm |
| 18:17 | Crear | Villager (Male) |
| 18:49 | Crear | Spearman |
| 19:12 | Construir | Farm |
| 19:17 | Crear | Villager (Male) |
| 19:17 | Crear | Villager (Male) |
| 19:30 | Crear | Villager (Male) |
| 19:30 | Crear | Villager (Male) |
| 19:41 | Crear | Villager (Male) |
| 19:52 | Construir | Town Center |
| 20:00 | Crear | Villager (Male) |
| 20:18 | Crear | Villager (Male) |
| 20:19 | Crear | Villager (Male) |
| 20:43 | Construir | House |
| 20:44 | Construir | House |
| 20:46 | Construir | House |
| 20:53 | Crear | Villager (Male) |
| 20:53 | Crear | Villager (Male) |
| 21:05 | Construir | Farm |
| 21:07 | Construir | Farm |
| 21:09 | Crear | Villager (Male) |
| 21:09 | Crear | Villager (Male) |
| 21:58 | Construir | Farm |
| 21:59 | Construir | Farm |
| 22:01 | Construir | Farm |
| 22:04 | Crear | Villager (Male) |
| 22:05 | Crear | Villager (Male) |
| 22:05 | Crear | Villager (Male) |
| 22:05 | Crear | Villager (Male) |
| 22:06 | Crear | Villager (Male) |
| 22:12 | Construir | Archery Range |
| 22:14 | Construir | Archery Range |
| 22:26 | Crear | Villager (Male) |
| 22:31 | Crear | Villager (Male) |
| 22:51 | Construir | Monastery |
| 22:58 | Construir | Farm |
| 23:02 | Construir | Farm |
| 23:06 | Construir | Farm |
| 23:07 | Crear | Villager (Male) |
| 23:07 | Crear | Villager (Male) |
| 23:08 | Crear | Villager (Male) |
| 23:08 | Crear | Villager (Male) |
| 23:33 | Crear | Villager (Male) |
| 23:33 | Crear | Villager (Male) |
| 23:39 | Construir | Farm |
| 23:41 | Crear | Villager (Male) |
| 23:53 | Investigar | Crossbowman (upgrade) |
| 23:58 | Investigar | Fletching |
| 24:01 | Construir | Archery Range |
| 24:05 | Construir | Stable |
| 24:12 | Construir | Farm |
| 24:14 | Construir | Farm |
| 24:16 | Construir | Farm |
| 24:30 | Construir | Castle |
| 24:48 | Construir | Farm |
| 25:22 | Construir | Farm |
| 25:27 | Crear | Archer ×5 |
| 25:27 | Crear | Archer ×5 |
| 25:34 | Crear | Villager (Male) |
| 25:34 | Crear | Villager (Male) |
| 25:35 | Crear | Villager (Male) |
| 25:36 | Crear | Villager (Male) |
| 25:37 | Crear | Villager (Male) |
| 25:38 | Crear | Villager (Male) |
| 25:38 | Crear | Villager (Male) |
| 25:38 | Crear | Villager (Male) |
| 25:39 | Crear | Villager (Male) |
| 25:40 | Crear | Villager (Male) |
| 25:41 | Crear | Villager (Male) |
| 25:50 | Crear | Archer |
| 25:50 | Crear | Archer |
| 25:52 | Crear | Archer |
| 25:58 | Investigar | Bodkin Arrow |
| 25:59 | Investigar | Padded Archer Armor |
| 26:08 | Construir | House |
| 26:09 | Construir | House |
| 26:10 | Construir | House |
Build order — jojomolo
Primeras 150 de 341 acciones detectadas
| 0:04 | Crear | Villager (Male) |
| 0:04 | Crear | Villager (Male) |
| 0:05 | Crear | Villager (Male) |
| 0:05 | Crear | Villager (Male) |
| 0:05 | Crear | Villager (Male) |
| 0:07 | Construir | House |
| 0:08 | Construir | House |
| 1:51 | Crear | Villager (Male) |
| 2:00 | Construir | Lumber Camp |
| 2:19 | Crear | Villager (Male) |
| 2:20 | Crear | Villager (Male) |
| 2:38 | Crear | Villager (Male) |
| 2:38 | Crear | Villager (Male) |
| 2:59 | Crear | Villager (Male) |
| 2:59 | Crear | Villager (Male) |
| 3:57 | Crear | Villager (Male) |
| 3:58 | Crear | Villager (Male) |
| 4:04 | Construir | House |
| 4:05 | Construir | House |
| 4:19 | Crear | Villager (Male) |
| 4:19 | Crear | Villager (Male) |
| 4:30 | Crear | Villager (Male) |
| 4:30 | Crear | Villager (Male) |
| 4:58 | Crear | Villager (Male) |
| 5:19 | Crear | Villager (Male) |
| 5:19 | Crear | Villager (Male) |
| 5:42 | Crear | Villager (Male) |
| 5:42 | Crear | Villager (Male) |
| 5:59 | Construir | Mill |
| 6:19 | Crear | Villager (Male) |
| 6:19 | Crear | Villager (Male) |
| 7:22 | Investigar | Feudal Age |
| 7:22 | Investigar | Feudal Age |
| 8:03 | Crear | Villager (Male) |
| 8:03 | Crear | Villager (Male) |
| 8:12 | Construir | House |
| 9:32 | Edad | Edad Feudal |
| 9:42 | Construir | Town Center |
| 9:53 | Investigar | Double-Bit Axe |
| 9:53 | Investigar | Double-Bit Axe |
| 9:55 | Investigar | Horse Collar |
| 9:56 | Crear | Villager (Male) |
| 10:01 | Construir | Farm |
| 10:36 | Crear | Villager (Male) |
| 10:38 | Construir | Farm |
| 10:42 | Construir | House |
| 10:43 | Construir | House |
| 11:22 | Crear | Villager (Male) |
| 11:22 | Crear | Villager (Male) |
| 11:23 | Crear | Villager (Male) |
| 11:25 | Construir | Farm |
| 11:26 | Construir | Farm |
| 11:31 | Construir | Farm |
| 11:33 | Crear | Villager (Male) |
| 11:40 | Investigar | Wheelbarrow |
| 11:57 | Construir | Farm |
| 12:10 | Crear | Villager (Male) |
| 12:10 | Crear | Villager (Male) |
| 12:19 | Construir | Farm |
| 12:24 | Construir | Farm |
| 12:37 | Crear | Villager (Male) |
| 12:50 | Construir | Farm |
| 12:58 | Construir | Farm |
| 13:03 | Construir | Farm |
| 13:06 | Crear | Villager (Male) |
| 13:06 | Crear | Villager (Male) |
| 13:32 | Construir | Farm |
| 13:35 | Construir | Farm |
| 13:36 | Crear | Villager (Male) |
| 13:36 | Crear | Villager (Male) |
| 13:43 | Construir | Farm |
| 13:48 | Construir | Farm |
| 13:50 | Construir | Farm |
| 13:51 | Crear | Villager (Male) |
| 13:51 | Crear | Villager (Male) |
| 14:10 | Construir | Farm |
| 14:13 | Construir | Farm |
| 14:21 | Crear | Villager (Male) |
| 14:21 | Crear | Villager (Male) |
| 14:31 | Construir | Farm |
| 14:34 | Construir | Farm |
| 14:37 | Crear | Villager (Male) |
| 15:02 | Crear | Villager (Male) |
| 15:03 | Crear | Villager (Male) |
| 15:15 | Construir | House |
| 15:16 | Construir | House |
| 15:18 | Construir | House |
| 15:21 | Crear | Villager (Male) |
| 15:21 | Crear | Villager (Male) |
| 15:27 | Construir | Barracks |
| 15:39 | Crear | Villager (Male) |
| 15:57 | Crear | Villager (Male) |
| 15:57 | Crear | Villager (Male) |
| 16:13 | Construir | Farm |
| 16:14 | Construir | Farm |
| 16:14 | Construir | Farm |
| 16:16 | Construir | Farm |
| 16:20 | Construir | Mining Camp |
| 16:26 | Construir | Mining Camp |
| 16:35 | Construir | Mining Camp |
| 16:40 | Crear | Villager (Male) |
| 16:40 | Crear | Villager (Male) |
| 16:51 | Construir | Stable |
| 16:59 | Construir | House |
| 17:03 | Crear | Villager (Male) |
| 17:04 | Crear | Villager (Male) |
| 17:36 | Construir | Market |
| 17:43 | Crear | Villager (Male) |
| 17:43 | Crear | Villager (Male) |
| 17:52 | Investigar | Loom |
| 18:16 | Crear | Villager (Male) |
| 18:16 | Crear | Villager (Male) |
| 18:27 | Investigar | Castle Age |
| 18:39 | Construir | Blacksmith |
| 19:05 | Crear | Villager (Male) |
| 19:06 | Crear | Villager (Male) |
| 19:11 | Investigar | Bloodlines |
| 19:11 | Investigar | Bloodlines |
| 19:13 | Investigar | Gold Mining |
| 19:22 | Construir | Lumber Camp |
| 19:37 | Construir | Siege Workshop |
| 19:39 | Construir | Mining Camp |
| 20:04 | Crear | Villager (Male) |
| 20:04 | Crear | Villager (Male) |
| 20:27 | Construir | Stable |
| 20:30 | Construir | Stable |
| 20:36 | Crear | Battering Ram |
| 20:43 | Crear | Villager (Male) |
| 20:44 | Crear | Villager (Male) |
| 20:58 | Construir | House |
| 21:02 | Construir | House |
| 21:02 | Construir | House |
| 21:06 | Construir | House |
| 21:13 | Crear | Battering Ram |
| 21:21 | Edad | Edad de los Castillos |
| 21:27 | Investigar | Bow Saw |
| 21:29 | Investigar | Heavy Plow |
| 21:32 | Crear | Camel Scout |
| 21:35 | Crear | Knight |
| 21:38 | Investigar | Scale Barding Armor |
| 21:47 | Crear | Knight |
| 21:56 | Crear | Battering Ram |
| 21:57 | Crear | Battering Ram |
| 21:59 | Crear | Villager (Male) |
| 21:59 | Crear | Villager (Male) |
| 22:08 | Construir | Stable |
| 22:17 | Crear | Knight |
| 22:17 | Crear | Knight |
| 22:25 | Crear | Villager (Male) ×5 |
| 22:32 | Investigar | Chain Barding Armor |
Build order — 傑諾斯VII
Primeras 150 de 169 acciones detectadas
| 0:01 | Crear | Villager (Male) ×4 |
| 0:02 | Crear | Villager (Male) ×4 |
| 0:03 | Construir | House |
| 0:04 | Construir | House |
| 0:25 | Construir | House |
| 1:33 | Crear | Villager (Male) |
| 1:57 | Crear | Villager (Male) |
| 1:57 | Crear | Villager (Male) |
| 2:35 | Construir | House |
| 2:36 | Construir | House |
| 2:48 | Construir | Mill |
| 3:02 | Construir | Mill |
| 3:05 | Crear | Villager (Male) |
| 3:08 | Crear | Villager (Male) ×2 |
| 3:08 | Crear | Villager (Male) ×2 |
| 3:47 | Crear | Villager (Male) ×2 |
| 3:47 | Crear | Villager (Male) ×2 |
| 4:21 | Crear | Villager (Male) |
| 4:21 | Crear | Villager (Male) |
| 5:20 | Crear | Villager (Male) ×3 |
| 5:20 | Crear | Villager (Male) ×3 |
| 6:04 | Crear | Villager (Male) ×5 |
| 6:05 | Crear | Villager (Male) ×5 |
| 6:12 | Construir | House |
| 6:55 | Construir | Lumber Camp |
| 8:13 | Construir | Lumber Camp |
| 8:25 | Crear | Villager (Male) ×5 |
| 9:00 | Construir | Mining Camp |
| 9:15 | Construir | Farm |
| 9:52 | Construir | Farm |
| 10:26 | Crear | Villager (Male) |
| 10:26 | Investigar | Feudal Age |
| 10:43 | Construir | Mining Camp |
| 11:13 | Construir | Farm |
| 13:19 | Construir | House |
| 13:35 | Edad | Edad Feudal |
| 13:36 | Investigar | Loom |
| 13:41 | Construir | Market |
| 13:44 | Construir | Blacksmith |
| 13:48 | Crear | Villager (Male) |
| 14:21 | Investigar | Castle Age |
| 14:36 | Construir | Farm |
| 14:39 | Construir | Farm |
| 14:40 | Construir | Farm |
| 14:41 | Construir | Farm |
| 14:43 | Construir | Farm |
| 15:15 | Investigar | Double-Bit Axe |
| 15:26 | Construir | Farm |
| 16:16 | Crear | Villager (Male) |
| 16:17 | Crear | Villager (Male) |
| 17:06 | Edad | Edad de los Castillos |
| 17:10 | Construir | University |
| 17:16 | Construir | Monastery |
| 18:06 | Construir | House |
| 18:16 | Investigar | Imperial Age |
| 18:17 | Investigar | Imperial Age |
| 18:20 | Construir | House |
| 18:28 | Crear | Monk |
| 19:13 | Construir | Castle |
| 20:06 | Crear | Monk |
| 20:35 | Crear | Monk |
| 20:40 | Construir | Monastery |
| 20:50 | Construir | Mining Camp |
| 20:57 | Construir | Mining Camp |
| 21:23 | Investigar | Fletching |
| 21:26 | Edad | Edad Imperial |
| 21:27 | Crear | Trebuchet (Packed) |
| 21:41 | Investigar | Bow Saw |
| 21:45 | Investigar | Gold Mining |
| 22:03 | Investigar | Block Printing |
| 22:14 | Investigar | Illumination |
| 22:29 | Crear | Trebuchet (Packed) |
| 22:29 | Crear | Trebuchet (Packed) |
| 22:54 | Construir | Farm |
| 23:01 | Crear | Trebuchet (Packed) |
| 23:08 | Construir | Farm |
| 23:44 | Investigar | Fervor |
| 23:45 | Investigar | Sanctity |
| 24:03 | Construir | Farm |
| 24:09 | Crear | Monk |
| 24:09 | Crear | Monk |
| 25:26 | Investigar | Redemption |
| 25:43 | Crear | Trebuchet (Packed) |
| 25:49 | Construir | Barracks |
| 25:49 | Construir | Barracks |
| 25:52 | Crear | Villager (Male) ×5 |
| 25:55 | Construir | Farm |
| 26:23 | Investigar | Forging |
| 26:29 | Crear | Monk |
| 26:30 | Crear | Monk |
| 26:38 | Construir | Farm |
| 26:43 | Construir | Town Center |
| 26:57 | Investigar | Pikeman (upgrade) |
| 26:57 | Crear | Spearman |
| 26:57 | Crear | Spearman |
| 27:18 | Crear | Spearman |
| 27:18 | Crear | Spearman |
| 27:25 | Construir | Farm |
| 28:00 | Construir | House |
| 28:32 | Crear | Spearman |
| 28:32 | Crear | Spearman |
| 28:32 | Crear | Spearman |
| 29:01 | Crear | Monk |
| 29:01 | Crear | Monk |
| 29:01 | Crear | Monk |
| 29:20 | Crear | Spearman |
| 29:20 | Crear | Spearman |
| 29:20 | Crear | Spearman |
| 29:32 | Crear | Monk |
| 29:32 | Crear | Monk |
| 30:04 | Crear | Monk |
| 30:06 | Crear | Spearman |
| 30:06 | Crear | Spearman |
| 30:11 | Crear | Trebuchet (Packed) |
| 30:15 | Crear | Villager (Male) ×4 |
| 30:18 | Construir | Farm |
| 30:19 | Construir | Farm |
| 30:49 | Crear | Trebuchet (Packed) |
| 31:14 | Construir | Farm |
| 31:15 | Investigar | Horse Collar |
| 31:49 | Crear | Trebuchet (Packed) |
| 31:49 | Crear | Trebuchet (Packed) |
| 31:52 | Crear | Spearman ×5 |
| 31:52 | Crear | Spearman ×5 |
| 31:59 | Construir | Lumber Camp |
| 32:13 | Crear | Villager (Male) |
| 32:14 | Crear | Villager (Male) |
| 32:59 | Investigar | Theocracy |
| 33:00 | Investigar | Atonement |
| 33:03 | Investigar | Devotion |
| 33:04 | Investigar | Herbal Medicine |
| 34:57 | Construir | Town Center |
| 35:14 | Crear | Villager (Male) ×5 |
| 36:08 | Crear | Villager (Male) ×5 |
| 36:08 | Crear | Villager (Male) ×5 |
| 36:08 | Crear | Villager (Male) ×4 |
| 36:14 | Construir | Farm |
| 36:14 | Construir | Farm |
| 36:15 | Construir | Farm |
| 36:16 | Construir | Farm |
| 36:17 | Construir | Farm |
| 36:35 | Construir | Farm |
| 36:36 | Construir | Farm |
| 36:37 | Construir | Farm |
| 36:50 | Construir | Mill |
| 36:51 | Construir | Farm |
| 36:52 | Construir | Farm |
| 36:53 | Construir | Farm |
| 36:54 | Construir | Farm |
| 38:08 | Investigar | Arson |
Build order — IrRéelle
Primeras 150 de 195 acciones detectadas
| 0:03 | Crear | Villager (Male) |
| 0:03 | Crear | Villager (Male) |
| 0:03 | Crear | Villager (Male) |
| 0:04 | Construir | House |
| 0:06 | Construir | House |
| 0:13 | Crear | Villager (Male) |
| 0:13 | Crear | Villager (Male) |
| 0:13 | Crear | Villager (Male) |
| 1:36 | Crear | Villager (Male) |
| 1:36 | Crear | Villager (Male) |
| 1:51 | Crear | Villager (Male) |
| 1:51 | Crear | Villager (Male) |
| 1:51 | Crear | Villager (Male) |
| 2:36 | Crear | Villager (Male) |
| 2:36 | Crear | Villager (Male) |
| 2:37 | Crear | Villager (Male) |
| 3:06 | Construir | Lumber Camp |
| 3:10 | Crear | Villager (Male) |
| 3:11 | Crear | Villager (Male) |
| 3:11 | Crear | Villager (Male) |
| 3:16 | Crear | Villager (Male) |
| 3:16 | Crear | Villager (Male) |
| 3:17 | Crear | Villager (Male) |
| 3:17 | Crear | Villager (Male) |
| 4:11 | Crear | Villager (Male) |
| 4:11 | Crear | Villager (Male) |
| 4:16 | Construir | House |
| 4:27 | Crear | Villager (Male) |
| 4:28 | Crear | Villager (Male) |
| 4:46 | Crear | Villager (Male) |
| 4:46 | Crear | Villager (Male) |
| 4:46 | Crear | Villager (Male) |
| 5:03 | Investigar | Double-Bit Axe |
| 5:11 | Crear | Villager (Male) |
| 5:12 | Crear | Villager (Male) |
| 5:40 | Crear | Villager (Male) |
| 5:41 | Crear | Villager (Male) |
| 5:41 | Crear | Villager (Male) |
| 5:52 | Construir | Mining Camp |
| 5:56 | Crear | Villager (Male) |
| 6:27 | Crear | Villager (Male) |
| 6:33 | Construir | House |
| 6:42 | Construir | House |
| 7:03 | Crear | Villager (Male) |
| 7:16 | Construir | Mill |
| 8:19 | Crear | Villager (Male) |
| 9:06 | Crear | Villager (Male) |
| 9:35 | Investigar | Feudal Age |
| 11:36 | Crear | Villager (Male) |
| 11:45 | Edad | Edad Feudal |
| 11:47 | Investigar | Bow Saw |
| 11:51 | Crear | Villager (Male) |
| 12:17 | Construir | Market |
| 12:42 | Construir | Blacksmith |
| 12:46 | Crear | Villager (Male) |
| 13:20 | Crear | Villager (Male) |
| 13:28 | Construir | House |
| 13:38 | Construir | Barracks |
| 14:13 | Construir | House |
| 14:15 | Construir | House |
| 14:17 | Investigar | Castle Age |
| 14:37 | Investigar | Horse Collar |
| 14:46 | Construir | Barracks |
| 15:00 | Construir | Farm |
| 15:02 | Construir | Farm |
| 15:07 | Construir | Farm |
| 15:09 | Construir | Farm |
| 15:15 | Investigar | Heavy Plow |
| 15:30 | Construir | Farm |
| 15:35 | Construir | Farm |
| 15:53 | Construir | House |
| 15:54 | Construir | House |
| 16:09 | Construir | Farm |
| 16:15 | Construir | Farm |
| 16:25 | Construir | House |
| 16:27 | Construir | House |
| 16:51 | Construir | Farm |
| 16:57 | Edad | Edad de los Castillos |
| 17:05 | Crear | Villager (Male) |
| 17:05 | Crear | Villager (Male) |
| 17:12 | Construir | Town Center |
| 17:16 | Crear | Flemish Militia |
| 17:16 | Crear | Flemish Militia |
| 17:26 | Construir | Monastery |
| 17:33 | Crear | Flemish Militia |
| 17:33 | Crear | Flemish Militia |
| 17:42 | Construir | Siege Workshop |
| 17:50 | Construir | House |
| 17:53 | Construir | House |
| 17:55 | Crear | Flemish Militia |
| 17:55 | Crear | Flemish Militia |
| 18:10 | Construir | Farm |
| 18:11 | Crear | Villager (Male) |
| 18:16 | Crear | Villager (Male) |
| 18:19 | Crear | Flemish Militia |
| 18:37 | Crear | Flemish Militia |
| 18:39 | Crear | Battering Ram |
| 18:50 | Construir | Farm |
| 18:55 | Crear | Villager (Male) |
| 18:55 | Crear | Villager (Male) |
| 19:11 | Construir | Farm |
| 19:16 | Crear | Villager (Male) |
| 19:27 | Construir | Farm |
| 19:28 | Crear | Villager (Male) |
| 19:32 | Investigar | Loom |
| 19:38 | Construir | House |
| 19:42 | Crear | Flemish Militia |
| 19:47 | Crear | Flemish Militia |
| 19:55 | Crear | Villager (Male) |
| 20:05 | Crear | Battering Ram |
| 20:07 | Crear | Flemish Militia |
| 20:10 | Crear | Villager (Male) |
| 20:15 | Construir | Farm |
| 20:21 | Crear | Villager (Male) |
| 20:22 | Crear | Villager (Male) |
| 20:37 | Construir | House |
| 20:43 | Crear | Battering Ram |
| 20:49 | Crear | Villager (Male) |
| 20:52 | Crear | Flemish Militia |
| 20:52 | Crear | Flemish Militia |
| 20:55 | Construir | Farm |
| 21:06 | Construir | Farm |
| 21:07 | Crear | Villager (Male) |
| 21:11 | Crear | Villager (Male) |
| 21:18 | Crear | Flemish Militia |
| 21:19 | Crear | Flemish Militia |
| 21:24 | Crear | Monk |
| 21:29 | Crear | Flemish Militia |
| 21:30 | Crear | Flemish Militia |
| 21:36 | Construir | Farm |
| 21:40 | Construir | Farm |
| 21:42 | Crear | Villager (Male) |
| 21:45 | Crear | Villager (Male) |
| 21:48 | Construir | Farm |
| 21:51 | Crear | Flemish Militia |
| 21:51 | Crear | Flemish Militia |
| 21:56 | Crear | Flemish Militia |
| 21:56 | Crear | Flemish Militia |
| 22:01 | Construir | Farm |
| 22:25 | Investigar | Squires |
| 22:26 | Investigar | Arson |
| 22:32 | Construir | Farm |
| 22:39 | Construir | Farm |
| 22:47 | Investigar | Scale Mail Armor |
| 22:54 | Construir | House |
| 22:54 | Construir | House |
| 23:05 | Crear | Flemish Militia |
| 23:07 | Investigar | Forging |
| 23:15 | Crear | Flemish Militia |
| 23:15 | Crear | Flemish Militia |
Build order — Verebecske
Primeras 150 de 318 acciones detectadas
| 0:01 | Crear | Villager (Male) |
| 0:01 | Crear | Villager (Male) |
| 0:01 | Crear | Villager (Male) |
| 0:02 | Crear | Villager (Male) |
| 0:02 | Crear | Villager (Male) |
| 0:03 | Construir | House |
| 0:05 | Construir | House |
| 1:32 | Crear | Villager (Male) |
| 1:46 | Construir | Lumber Camp |
| 2:01 | Crear | Villager (Male) |
| 2:28 | Crear | Villager (Male) |
| 2:33 | Crear | Villager (Male) |
| 3:30 | Crear | Villager (Male) |
| 3:41 | Construir | House |
| 3:42 | Construir | House |
| 3:43 | Crear | Villager (Male) |
| 3:55 | Crear | Villager (Male) |
| 4:12 | Construir | Mill |
| 4:36 | Crear | Villager (Male) |
| 4:54 | Crear | Villager (Male) |
| 5:20 | Crear | Villager (Male) |
| 5:45 | Crear | Villager (Male) |
| 6:10 | Crear | Villager (Male) |
| 6:11 | Crear | Villager (Male) |
| 6:13 | Construir | Lumber Camp |
| 6:53 | Crear | Villager (Male) |
| 7:18 | Crear | Villager (Male) |
| 7:45 | Construir | Mining Camp |
| 8:03 | Crear | Villager (Male) |
| 8:31 | Investigar | Feudal Age |
| 8:34 | Construir | House |
| 8:35 | Construir | House |
| 8:42 | Construir | Barracks |
| 10:03 | Crear | Villager (Male) |
| 10:41 | Construir | House |
| 10:41 | Edad | Edad Feudal |
| 10:44 | Construir | Archery Range |
| 10:48 | Construir | Blacksmith |
| 10:52 | Crear | Villager (Male) |
| 11:05 | Construir | Farm |
| 11:06 | Construir | Farm |
| 11:07 | Crear | Villager (Male) |
| 11:54 | Crear | Villager (Male) |
| 12:18 | Investigar | Loom |
| 12:23 | Construir | Farm |
| 12:40 | Investigar | Castle Age |
| 12:47 | Construir | House |
| 13:22 | Investigar | Double-Bit Axe |
| 13:34 | Construir | House |
| 13:35 | Construir | House |
| 13:44 | Investigar | Horse Collar |
| 13:46 | Investigar | Gold Mining |
| 14:22 | Crear | Eagle Scout |
| 14:39 | Construir | Farm |
| 14:41 | Construir | Farm |
| 14:46 | Construir | Farm |
| 14:49 | Crear | Villager (Male) |
| 15:18 | Construir | Farm |
| 15:21 | Construir | Farm |
| 15:26 | Edad | Edad de los Castillos |
| 15:32 | Crear | Eagle Scout |
| 15:44 | Construir | Monastery |
| 15:48 | Crear | Villager (Male) |
| 16:02 | Construir | Town Center |
| 16:06 | Crear | Villager (Male) |
| 16:11 | Crear | Villager (Male) |
| 16:30 | Crear | Monk |
| 16:47 | Crear | Spearman |
| 16:58 | Crear | Villager (Male) |
| 17:21 | Crear | Monk |
| 17:22 | Crear | Villager (Male) |
| 17:31 | Crear | Villager (Male) |
| 17:32 | Crear | Villager (Male) |
| 17:38 | Construir | Town Center |
| 17:55 | Crear | Eagle Scout |
| 17:57 | Construir | Farm |
| 17:58 | Crear | Villager (Male) |
| 18:03 | Investigar | Wheelbarrow |
| 18:05 | Construir | Farm |
| 18:28 | Construir | Farm |
| 18:28 | Crear | Villager (Male) |
| 19:10 | Crear | Villager (Male) |
| 19:10 | Crear | Villager (Male) |
| 19:11 | Crear | Monk |
| 19:12 | Crear | Monk |
| 19:14 | Construir | Farm |
| 19:15 | Construir | Farm |
| 19:15 | Crear | Villager (Male) |
| 19:16 | Crear | Villager (Male) |
| 19:34 | Crear | Villager (Male) |
| 19:39 | Construir | Farm |
| 19:40 | Crear | Villager (Male) |
| 19:46 | Construir | Farm |
| 19:51 | Construir | Farm |
| 19:53 | Construir | Farm |
| 19:54 | Crear | Villager (Male) |
| 19:54 | Crear | Villager (Male) |
| 20:08 | Crear | Villager (Male) |
| 20:18 | Construir | Farm |
| 20:19 | Construir | Farm |
| 20:21 | Construir | Farm |
| 20:21 | Crear | Villager (Male) |
| 20:22 | Crear | Villager (Male) |
| 20:22 | Crear | Villager (Male) |
| 20:28 | Crear | Monk |
| 20:30 | Construir | Farm |
| 20:32 | Construir | Farm |
| 20:34 | Crear | Villager (Male) |
| 20:34 | Crear | Villager (Male) |
| 20:35 | Crear | Villager (Male) |
| 20:37 | Construir | House |
| 20:38 | Construir | House |
| 20:39 | Construir | House |
| 21:01 | Construir | Farm |
| 21:03 | Construir | Farm |
| 21:03 | Crear | Villager (Male) |
| 21:04 | Crear | Villager (Male) |
| 21:05 | Crear | Villager (Male) |
| 21:14 | Construir | Farm |
| 21:15 | Crear | Villager (Male) |
| 21:16 | Crear | Villager (Male) |
| 21:35 | Construir | Farm |
| 21:37 | Construir | Farm |
| 21:37 | Crear | Villager (Male) |
| 21:37 | Crear | Villager (Male) |
| 21:38 | Crear | Villager (Male) |
| 21:42 | Crear | Monk |
| 22:02 | Construir | Farm |
| 22:03 | Crear | Villager (Male) |
| 22:03 | Crear | Villager (Male) |
| 22:03 | Crear | Villager (Male) |
| 22:21 | Construir | Farm |
| 22:24 | Construir | House |
| 22:25 | Construir | House |
| 22:26 | Construir | House |
| 22:53 | Crear | Villager (Male) |
| 22:53 | Crear | Villager (Male) |
| 23:10 | Crear | Villager (Male) |
| 23:10 | Crear | Villager (Male) |
| 23:10 | Crear | Villager (Male) |
| 23:12 | Construir | Farm |
| 23:18 | Investigar | Sanctity |
| 23:21 | Investigar | Fervor |
| 23:26 | Construir | Farm |
| 23:27 | Crear | Villager (Male) |
| 23:27 | Crear | Villager (Male) |
| 23:29 | Investigar | Hand Cart |
| 23:29 | Investigar | Town Watch |
| 23:35 | Investigar | Bow Saw |
| 23:35 | Investigar | Bow Saw |
Cronología de la partida
| 8:42 | Verebecske · first_building Barracks |
| 9:32 | jojomolo · age_up feudal |
| 10:08 | jellyman123 · first_building Barracks |
| 10:41 | Verebecske · age_up feudal |
| 10:44 | Verebecske · first_building Archery Range |
| 11:06 | 別當開心農場 · age_up feudal |
| 11:07 | [AJJRR] Minillop · age_up feudal |
| 11:14 | Camagroc · age_up feudal |
| 11:45 | IrRéelle · age_up feudal |
| 11:51 | jellyman123 · age_up feudal |
| 12:40 | Camagroc · first_market_sell 100 wood |
| 12:53 | jellyman123 · first_market_sell 100 food |
| 12:59 | Camagroc · first_market_buy 100 food |
| 13:35 | 傑諾斯VII · age_up feudal |
| 13:38 | IrRéelle · first_building Barracks |
| 14:37 | jellyman123 · first_market_buy 100 wood |
| 14:39 | [AJJRR] Minillop · age_up castle |
| 15:01 | 別當開心農場 · age_up castle |
| 15:26 | Verebecske · age_up castle |
| 15:27 | jojomolo · first_building Barracks |
| 15:34 | jellyman123 · age_up castle |
| 15:41 | Camagroc · age_up castle |
| 15:44 | Verebecske · first_building Monastery |
| 15:45 | 別當開心農場 · first_building Siege Workshop |
| 15:49 | 傑諾斯VII · first_market_sell 100 wood |
| 15:58 | jellyman123 · first_building Siege Workshop |
| 16:51 | jojomolo · first_building Stable |
| 16:57 | IrRéelle · age_up castle |
| 17:06 | 傑諾斯VII · age_up castle |
| 17:15 | [AJJRR] Minillop · first_building Monastery |
| 17:16 | 傑諾斯VII · first_building Monastery |
| 17:26 | IrRéelle · first_building Monastery |
| 17:42 | IrRéelle · first_building Siege Workshop |
| 17:55 | [AJJRR] Minillop · first_market_buy 100 food |
| 19:13 | 傑諾斯VII · first_building Castle |
| 19:37 | jojomolo · first_building Siege Workshop |
| 20:45 | 別當開心農場 · first_building Barracks |
| 20:51 | Camagroc · first_building Castle |
| 21:21 | jojomolo · age_up castle |
| 21:26 | 傑諾斯VII · age_up imperial |
| 21:48 | Camagroc · wall_segment Stone Wall x5 |
| 22:12 | jellyman123 · first_building Archery Range |
| 22:16 | 別當開心農場 · first_building Stable |
| 22:51 | jellyman123 · first_building Monastery |
| 23:27 | [AJJRR] Minillop · first_building Barracks |
| 24:00 | Camagroc · first_building Barracks |
| 24:05 | jellyman123 · first_building Stable |
| 24:21 | [AJJRR] Minillop · first_building Stable |
| 24:30 | jellyman123 · first_building Castle |
| 24:54 | [AJJRR] Minillop · first_building Castle |
| 24:57 | Camagroc · first_building Stable |
| 25:49 | 傑諾斯VII · first_building Barracks |
| 28:18 | Camagroc · age_up imperial |
| 28:53 | 別當開心農場 · age_up imperial |
| 29:06 | 別當開心農場 · first_market_sell 500 food |
| 31:01 | Camagroc · wall_segment Stone Wall x5 |
| 31:16 | IrRéelle · resign |
| 31:45 | jojomolo · first_market_sell 500 wood |
| 31:51 | 別當開心農場 · first_building Castle |
| 33:15 | [AJJRR] Minillop · age_up imperial |
| 33:51 | Camagroc · wall_segment Stone Wall x2 |
| 34:42 | Verebecske · first_building Castle |
| 35:53 | Camagroc · first_building Archery Range |
| 36:08 | [AJJRR] Minillop · first_market_sell 500 wood |
| 36:33 | jojomolo · age_up imperial |
| 36:55 | Verebecske · age_up imperial |
| 38:07 | [AJJRR] Minillop · tribute_sent a jugador 1 |
| 38:07 | [AJJRR] Minillop · tribute_sent a jugador 2 |
| 38:07 | [AJJRR] Minillop · tribute_sent a jugador 3 |
| 38:07 | [AJJRR] Minillop · tribute_sent a jugador 4 |
| 38:07 | [AJJRR] Minillop · tribute_sent a jugador 5 |
| 38:07 | [AJJRR] Minillop · tribute_sent a jugador 7 |
| 38:07 | [AJJRR] Minillop · tribute_sent a jugador 8 |
[ ANÁLISIS IA · 1 CRÉDITO ]
¿Qué pasó realmente en esta partida?
Wolo.gg analiza cada decisión: build order, eco, micro, errores típicos por bracket. Análisis personalizado por WhatsApp o Discord en 30 segundos.
Guía civ
Georgianos
Perfil
Jugador #4468699